 Dungeon Crawl Stone Soup version 0.30-a0-728-gc68057be0a (webtiles) character file.

Game seed: 8941764009828590635

1192 DeathSun the Cleaver (level 8, -1/66 HPs)
             Began as a Hill Orc Fighter on Jan 30, 2023.
             Was a Priest of Vehumet.
             Slain by an ogre
             ... wielding a +0 giant club
              (13 damage)
             ... on level 6 of the Dungeon.
             The game lasted 00:08:53 (4252 turns).

DeathSun the Cleaver (Hill Orc Fighter)             Turns: 4252, Time: 00:08:53

Health: -1/66      AC:  6    Str: 25    XL:     8   Next: 43%
Magic:  9/9        EV: 10    Int: 10    God:    Vehumet [***...]
Gold:   261        SH:  4    Dex: 10    Spells: 5/8 levels left

rFire   . . .      SeeInvis .    a - +0 war axe
rCold   . . .      Faith    .    c - +0 buckler
rNeg    + . .      Spirit   .    D - +2 robe of Danut {rN+ rCorr}
rPois   .          Reflect  .    x - +0 helmet
rElec   .          Harm     .    (no cloak)
rCorr   +          Rampage  .    B - +0 pair of gloves
Will    .....                    (no boots)
Stlth   +                        z - amulet of regeneration
HPRegen 1.11/turn                u - +6 ring of strength
MPRegen 0.11/turn                (no ring)

@: no status effects
A: no striking features
a: Renounce Religion


You were on level 6 of the Dungeon.
You worshipped Vehumet.
Vehumet was most pleased with you.
You visited 1 branch of the dungeon, and saw 6 of its levels.

You collected 261 gold pieces.

Inventory:

Hand Weapons
 a - a +0 war axe (weapon)
Missiles
 t - 3 poisoned darts (quivered)
Armour
 b - a +0 scale mail
 c - a +0 buckler (worn)
 x - a +0 helmet (worn)
 A - an orb of guile
 B - a +0 pair of gloves (worn)
 D - the +2 robe of Danut (worn) {rN+ rCorr}
   (You found it on level 4 of the Dungeon)

   rN:        It protects you from negative energy.
   rCorr:     It protects you from acid and corrosion.
Jewellery
 u - a +6 ring of strength (left hand)
 z - an amulet of regeneration (around neck)
Wands
 G - a wand of charming (2)
Scrolls
 e - a scroll of torment {unknown}
 f - 5 scrolls of fear {unknown}
 g - a scroll of enchant weapon {unknown}
 j - 2 scrolls of poison {unknown}
 l - a scroll of summoning {unknown}
 m - 2 scrolls of vulnerability {unknown}
 o - 5 scrolls of identify {unknown}
 r - 2 scrolls of noise {unknown}
 v - 2 scrolls of teleportation {unknown}
 y - a scroll of blinking {unknown}
 H - a scroll of brand weapon {unknown}
 I - a scroll of enchant armour {unknown}
Potions
 d - 2 potions of might
 h - 3 potions of heal wounds {unknown}
 i - 3 potions of brilliance {unknown}
 k - 2 potions of lignification {unknown}
 n - a potion of flight {unknown}
 p - 3 potions of curing {unknown}
 q - a potion of haste {unknown}
 s - a potion of ambrosia {unknown}
 w - a potion of mutation {unknown}
 C - a potion of berserk rage {unknown}
 E - a potion of cancellation {unknown}
 F - a potion of attraction {unknown}


   Skills:
 - Level 3.8 Fighting
 * Level 11.7 Axes
 - Level 3.4 Armour
 - Level 3.4 Shields
 + Level 0.9 Spellcasting
 * Level 2.2 Conjurations
 * Level 2.1 Earth Magic


You had 5 spell levels left.
You knew the following spells:

 Your Spells              Type           Power      Damage    Failure   Level
a - Stone Arrow           Conj/Erth      8%         3d7       16%         3

Your spell library contained the following spells:

 Spells                   Type           Power      Damage    Failure   Level
 Poisonous Vapours        Pois/Air       0%         N/A       17%         2
 Mephitic Cloud           Conj/Pois/Air  1%         N/A       26%         3
 Cigotuvi's Dreadful Rot  Necr/Pois/Air  0%         N/A       56%         2
 Summon Forest            Summ/Tloc      0%         N/A       100%        5
 Eringya's Noxious Bog    Tmut/Pois      0%         N/A       100%        6
 Summon Hydra             Summ           0%         N/A       100%        7


Dungeon Overview and Level Annotations

Branches:
Dungeon (6/15)             Temple (0/1) D:5

Altars:
Cheibriados
Elyvilon
Vehumet

Annotations:
D:6 Eustachio


Message History

Level annotation: Eustachio The ogre shouts!
The orc shouts!
The orc wizard shouts!
A necrophage comes into view.
There is a stone staircase leading up here.
Eustachio shouts!
The ogre closely misses you.
Eustachio gestures wildly while chanting.
Eustachio blinks!
There are monsters nearby!
You hit the ogre but do no damage. You barely miss Eustachio.
You block Eustachio's attack.
You slash the ogre!
The ogre is heavily wounded.
You slash Eustachio! You completely miss the orc wizard.
The ogre hits you with a +0 giant club!!
There are monsters nearby!
You hit the ogre but do no damage.
The ogre is heavily wounded.
You slash the orc wizard! You barely miss Eustachio.
You block the orc wizard's attack.
Eustachio says, "Summoning is fun!"
Eustachio casts a spell.
Eustachio blinks!
You hit the orc wizard.
The orc wizard is severely wounded.
You hit the ogre.
The orc wizard points at you and mumbles some strange words.
The magic dart hits you!
The ogre hits you with a +0 giant club!!
* * * LOW HITPOINT WARNING * * *
A hound comes into view.
The hound barks!
You are too injured to fight recklessly!
The orc hits you with a +0 short sword.
* * * LOW HITPOINT WARNING * * *
There is a stone staircase leading up here.
The orc wizard barely misses you.
Eustachio mumbles some strange words.
The orc barely misses you. The ogre hits you with a +0 giant club!
You die...

#.#.# ####.(.(..
#######...#.#.#(
.............(.(
..r......#(.()(8
....@....(...(.(
..........8.#(.(
........@n.?..(.
.......Ooo.8.8(#
.........######.
...........
.............
.=............h
...####........
### #........
.........


You could see Eustachio, an ogre, a necrophage, an orc wizard, a river rat
(summoned) and an orc.

Vanquished Creatures
  A black bear (D:4)
  An ice beast (D:5)
  2 phantoms (D:4)
  2 scorpions (D:5)
  A necrophage (D:2)
  5 hounds
  4 orc priests
  3 orc wizards
  Jessica (D:2)
  2 iguanas (D:5)
  Terence (D:2)
  4 gnolls
  7 adders
  2 ufetubi
  3 worms
  3 dart slugs
  20 orcs
  3 endoplasms (D:1)
  5 giant cockroaches
  10 goblins
  A hobgoblin (D:2)
  3 jackals (D:4)
  9 kobolds
  4 quokkas
  5 ball pythons
  6 bats
  2 frilled lizards
  7 rats
117 creatures vanquished.

Notes
Turn   | Place    | Note
-------+----------+-------------------------------------------
     0 | D:1      | DeathSun the Hill Orc Fighter began the quest for the Orb.
     0 | D:1      | Reached XP level 1. HP: 19/19 MP: 1/1
    68 | D:1      | Reached skill level 3 in Axes
    68 | D:1      | Reached XP level 2. HP: 24/27 MP: 2/2
   323 | D:1      | Found a faded altar of an unknown god.
   354 | D:1      | Prayed at the altar of an unknown god.
   354 | D:1      | Became a worshipper of Vehumet
   354 | D:1      | Reached * piety under Vehumet
   354 | D:1      | Offered knowledge of Freeze by Vehumet.
   423 | D:1      | Reached XP level 3. HP: 33/33 MP: 3/3
   439 | D:1      | Reached skill level 4 in Axes
   862 | D:2      | Noticed a necrophage
   957 | D:2      | Reached skill level 5 in Axes
  1007 | D:2      | Reached XP level 4. HP: 40/40 MP: 4/4
  1012 | D:2      | Noticed Terence
  1026 | D:2      | Killed Terence
  1026 | D:2      | Offered knowledge of Magic Dart by Vehumet.
  1046 | D:2      | Reached ** piety under Vehumet
  1089 | D:2      | Killed a necrophage
  1090 | D:2      | Reached skill level 6 in Axes
  1090 | D:2      | Reached XP level 5. HP: 36/46 MP: 5/5
  1259 | D:2      | Reached skill level 7 in Axes
  1369 | D:2      | Noticed Jessica
  1376 | D:2      | Killed Jessica
  1733 | D:3      | Reached XP level 6. HP: 52/52 MP: 6/6
  2022 | D:3      | Offered knowledge of Kindle Blastsparks by Vehumet.
  2247 | D:3      | Reached skill level 8 in Axes
  2260 | D:4      | Identified the +2 robe of Danut {rN+ rCorr}
  2311 | D:4      | You fall into a shaft and drop 1 floor!
  2311 | D:5      | Entered Level 5 of the Dungeon
  2342 | D:5      | Found a staircase to the Ecumenical Temple.
  2355 | D:5      | Reached skill level 9 in Axes
  2428 | D:5      | Noticed an ice beast
  2434 | D:5      | Killed an ice beast
  2435 | D:5      | Reached XP level 7. HP: 44/58 MP: 7/7
  2466 | D:5      | Reached skill level 10 in Axes
  2525 | D:5      | Reached *** piety under Vehumet
  2769 | D:5      | Found a snail-covered altar of Cheibriados.
  2770 | D:5      | Found a white marble altar of Elyvilon.
  2901 | D:5      | Reached skill level 11 in Axes
  3092 | D:6      | Noticed Eustachio
  3092 | D:6      | Found the +6 shillelagh "Devastator" {shatter}
  3214 | D:4      | Offered knowledge of Stone Arrow by Vehumet.
  3219 | D:4      | Learned a level 3 spell: Stone Arrow
  3293 | D:4      | Reached XP level 8. HP: 60/66 MP: 8/8
  3325 | D:4      | Reached skill level 1 in Earth Magic
  3351 | D:4      | Reached skill level 1 in Conjurations
  4252 | D:6      | Slain by an ogre

Illustrated notes

Levels and vault maps discovered:
D:1:      lightli_arrival_statue_moat, layout_loops_ring,
          ebering_ecumenical_altar_hall
D:2:      layout_rooms, minivault_4, uniq_jessica, uniq_terence
D:3:      layout_basic
D:4:      layout_basic
D:5:      layout_basic, mainiacjoe_overflow_divided_tiny,
          minmay_temple_entry_nine_rooms, grunt_ministairs_10
D:6:      old_forge, layout_basic, dilly_guarded_unrand_devastator,
          uniq_eustachio

Skill      XL: |  1  2  3  4  5  6  7  8 |
---------------+-------------------------+-----
Axes           | 3 5 6 7 9 11 | 11.7
Earth Magic    | 2 |  2.1
Conjurations   | 2 |  2.2
Fighting       | |  3.8
Armour         | |  3.4
Shields        | |  3.4
Spellcasting   | |  0.9

Action                     |  1- 3 |  4- 6 |  7- 9 || total
---------------------------+-------+-------+-------++-------
  Melee: War axe           |    87 |   102 |   149 ||   338
  Throw: Dart              |       |    10 |     2 ||    12
 Armour: Scale mail        |    42 |    51 |       ||    93
         Robe              |       |     5 |    49 ||    54
  Dodge: Dodged            |    45 |    44 |    65 ||   154
  Block: Buckler           |    31 |    27 |    33 ||    91

Table legend: (Time is in decaauts)
 A = Elapsed time spent in this place.
 B = Non-inter-level travel time spent in this place.
 C = Inter-level travel time spent in this place.
 D = Time resting spent in this place.
 E = Time spent auto-exploring this place.
 F = Levels seen in this place.
 G = Mean time per level.
                   A        B        C        D        E       F      G
               +--------+--------+--------+--------+--------+-----+--------+
         Total |   4302 |   3980 |    322 |      0 |   3099 |   6 |  717.0 |
       Dungeon |   4302 |   3980 |    322 |      0 |   3099 |   6 |  717.0 |
               +--------+--------+--------+--------+--------+-----+--------+

Top non-repeatable levels by time:
     D:4: 1088 daAuts
     D:1: 941 daAuts
     D:5: 899 daAuts
     D:2: 778 daAuts
     D:3: 573 daAuts
     D:6: 21 daAuts
